 Dungeon Crawl Stone Soup version 0.28-a0-592-g6fc52098c6 (webtiles) character file.

Game seed: 573533243769353581

182316 Antediluvian the Brawler (level 17, -23/100 HPs)
             Began as a Vine Stalker Monk on Oct 4, 2021.
             Was the Champion of Wu Jian.
             Killed from afar by a deep elf zephyrmancer (29 damage)
             ... with a bolt of lightning
             ... on level 1 of the Elven Halls.
             The game lasted 01:38:04 (26620 turns).

Antediluvian the Brawler (Vine Stalker Monk)       Turns: 26620, Time: 01:38:04

Health: -23/100    AC: 22    Str: 24    XL:     17   Next: 96%
Magic:  0/39       EV: 16    Int: 14    God:    Wu Jian [******]
Gold:   2449       SH:  0    Dex: 21    Spells: 32/32 levels left

rFire   + . .      SeeInvis .     - Unarmed
rCold   + . .      Faith    .   (no shield)
rNeg    + + .      Spirit   +   A - +5 ring mail "Xaxaloen" {rN+ Str+4 Stlth-}
rPois   .          Reflect  .   (no helmet)
rElec   .          Harm     .   B - +2 cloak
rCorr   .          Rampage  .   T - +2 pair of gloves {Dex+3}
Will    +++..                   e - +0 pair of boots "Vagaic" {rN+}
Stlth   +.........              D - amulet of magic regeneration
HPRegen 1.26/turn               I - ring "Daubet" {rF+ Will+ MP+9 Int+4}
MPRegen 0.51/turn               Z - ring of protection from cold

@: studying 3 skills
A: fangs 3, regeneration 1, magic shield, antimagic bite, no potion heal 2
}: 1/15 runes: decaying
a: Renounce Religion, Wall Jump, Serpent's Lash, Heavenly Storm


You were on level 1 of the Elven Halls.
You worshipped Wu Jian.
Wu Jian was exalted by your worship.
You visited 6 branches of the dungeon, and saw 29 of its levels.
You also visited: Trove and Ice Cave.

You collected 4413 gold pieces.
You spent 1964 gold pieces at shops.

Inventory:

Armour
 e - the +0 pair of boots "Vagaic" (worn) {rN+}
   (You found it in a treasure trove)

   rN:        It protects you from negative energy.
 s - the +0 helmet of Absence {rC- Regen+ rCorr Str+2}
   (You found it in a treasure trove)

   Str:       It affects your strength (+2).
   rC:        It makes you vulnerable to cold.
   Regen:     It increases your rate of health regeneration.
   rCorr:     It protects you from acid and corrosion.
 A - the +5 ring mail "Xaxaloen" (worn) {rN+ Str+4 Stlth-}
   (You found it on level 7 of the Dungeon)

   Str:       It affects your strength (+4).
   rN:        It protects you from negative energy.
   Stlth:     It makes you less stealthy.
 B - a +2 cloak (worn)
 T - a +2 pair of gloves of dexterity (worn)
Jewellery
 f - a +4 ring of evasion
 g - a ring of willpower
 l - a ring of flight
 u - a ring of fire
 x - a +4 ring of slaying
 D - an amulet of magic regeneration (around neck)
 I - the ring "Daubet" (left hand) {rF+ Will+ MP+9 Int+4}
   (You found it in a treasure trove)

   [ring of magical power]

   Int:       It affects your intelligence (+4).
   rF:        It protects you from fire.
   MP:        It affects your magic capacity (+9).
   Will:      It increases your willpower.
 N - a +4 ring of protection
 V - a ring of positive energy
 W - the ring "Pemusmoe" {rN+ Int+6 SInv}
   (You found it on level 3 of the Swamp)

   [ring of intelligence]

   Int:       It affects your intelligence (+6).
   rN:        It protects you from negative energy.
   SInv:      It lets you see invisible.
 Z - a ring of protection from cold (right hand)
Wands
 r - a wand of mindburst (36)
 y - a wand of paralysis (15)
 C - a wand of polymorph (12)
 E - a wand of iceblast (51)
 R - a wand of acid (18) (quivered)
Scrolls
 a - 8 scrolls of enchant armour
 d - 5 scrolls of vulnerability
 i - 5 scrolls of identify
 n - 5 scrolls of amnesia
 o - 7 scrolls of teleportation
 w - a scroll of summoning {unknown}
 F - 2 scrolls of silence
 H - 3 scrolls of enchant weapon
 K - a scroll of brand weapon {unknown}
 L - 2 scrolls of blinking
 M - 2 scrolls of fear
 O - 5 scrolls of magic mapping
 Q - a scroll of fog
 U - a scroll of holy word {unknown}
Potions
 b - 5 potions of heal wounds
 c - 10 potions of curing
 h - 2 potions of brilliance {unknown}
 j - 2 potions of might
 k - a potion of resistance {unknown}
 m - 2 potions of haste {unknown}
 p - 4 potions of degeneration {unknown}
 q - 2 potions of magic {unknown}
 t - 4 potions of attraction
 v - 5 potions of lignification {unknown}
 z - 2 potions of flight
 G - 2 potions of ambrosia {unknown}
 J - a potion of berserk rage {unknown}
 P - 3 potions of mutation {unknown}
 S - a potion of cancellation {unknown}


   Skills:
 + Level 16.3 Fighting
 + Level 16.1 Armour
 + Level 7.3 Dodging
 - Level 2.4 Stealth
 + Level 19.2 Unarmed Combat
 + Level 8.2 Spellcasting


You had 32 spell levels left.
You didn't know any spells.
Your spell library contained the following spells:

 Spells                   Type           Power      Damage    Failure   Level
 Foxfire                  Conj/Fire      20%        2x1d5     17%         1
 Freeze                   Ice            20%        1d4       17%         1
 Pain                     Necr           20%        1d5       17%         1
 Slow                     Hex            5%         N/A       26%         2
 Conjure Flame            Conj/Fire      5%         6-21      45%         3
 Frozen Ramparts          Ice            10%        1d3       45%         3
 Inner Flame              Hex/Fire       5%         N/A       45%         3
 Airstrike                Air            2%         N/A       86%         4
 Animate Dead             Necr           2%         N/A       86%         4
 Flame Wave               Conj/Fire      5%         3d4       86%         4
 Fulminant Prism          Conj/Hex       2%         3d6       86%         4
 Hailstorm                Conj/Ice       5%         3d4       86%         4
 Iskenderun's Mystic Bla  Conj/Tloc      5%         2d3       86%         4
 Petrify                  Tmut/Erth      5%         N/A       86%         4
 Summon Lightning Spire   Summ/Air       5%         N/A       86%         4
 Agony                    Necr           5%         N/A       99%         5
 Excruciating Wounds      Necr           2%         N/A       99%         5
 Fireball                 Conj/Fire      2%         3d4       99%         5
 Lee's Rapid Deconstruct  Erth           2%         3d6*      99%         5
 Lightning Bolt           Conj/Air       2%         1d14      99%         5
 Metabolic Englaciation   Hex/Ice        2%         N/A       99%         5
 Yara's Violent Unravell  Hex/Tmut       2%         3d3       99%         5
 Statue Form              Tmut/Erth      3%         N/A       100%        6
 Haunt                    Necr/Summ      2%         N/A       100%        7
 Infestation              Necr           2%         N/A       100%        8


Dungeon Overview and Level Annotations

Branches:
Dungeon (15/15)            Temple (1/1) D:4            Lair (6/6) D:11
  Swamp (4/4) Lair:4        Snake (0/4) Lair:4        Slime (0/5) Lair:5
    Orc (2/2) D:10            Elf (1/3) Orc:2        Vaults (0/5) D:13
 Depths (0/4) D:15          IceCv (visited)

Altars:
Ashenzari
Cheibriados
Dithmenos
Elyvilon
Fedhas
Gozag
Kikubaaqudgha
Makhleb
Nemelex Xobeh
Okawaru
Qazlal
Ru
Sif Muna
Trog
Uskayaw
Vehumet
Wu Jian
Xom
Yredelemnul
Zin
The Shining One
Beogh
Jiyva

Shops:
D:5 ??   D:12 !   Orc:1 *?[!   Orc:2 :?[:

Annotations:
D:10 3 runed translucent doors, GordonOverkill's ghost, novice FeNe
Swamp:1 Roxanne


Innate Abilities, Weirdness & Mutations

You have razor-sharp teeth.
Your natural rate of healing is unusually fast.
When hurt, damage is shared between your health and your magic reserves.
Your bite disrupts and absorbs the magic of your enemies.
Potions cannot restore your health.


Message History

The +4 vorpal war axe hits you.
You hit the +4 vorpal war axe. Your bite misses the +4 vorpal war axe.
The +4 vorpal war axe is lightly damaged.
The +4 vorpal war axe hits you but does no damage.
A deep elf pyromancer comes into view. It is wielding a +0 long sword.
A deep elf knight comes into view. It is wielding a +0 short sword.
You hit the +4 vorpal war axe but do no damage.
Your bite misses the +4 vorpal war axe.
The +4 vorpal war axe is lightly damaged.
The +4 vorpal war axe hits you.
A deep elf annihilator comes into view. It is wielding a +0 short sword.
You closely miss the +4 vorpal war axe. Your bite misses the +4 vorpal war axe.
The +4 vorpal war axe is lightly damaged.
The +4 vorpal war axe hits you!
You hit the +4 vorpal war axe.
You punch the +4 vorpal war axe, but do no damage.
You bite the +4 vorpal war axe, but do no damage.
The +4 vorpal war axe is lightly damaged.
The orc high priest invokes the aid of Beogh against you.
Beogh smites you!
The +4 vorpal war axe barely misses you.
A deep elf knight comes into view. It is wielding a +0 long sword.
The deep elf zephyrmancer casts a spell at you.
The bolt of lightning hits the +4 vorpal war axe.
The +4 vorpal war axe completely resists.
The bolt of lightning hits you!!
* * * LOW HITPOINT WARNING * * *
The bolt of lightning hits you!
* * * LOW HITPOINT WARNING * * *
The bolt of lightning hits the +4 vorpal war axe.
The +4 vorpal war axe completely resists.
The deep elf knight mumbles some strange words.
The deep elf knight seems to speed up.
The deep elf zephyrmancer gestures at you while chanting.
The bolt of lightning hits the +4 vorpal war axe.
The +4 vorpal war axe completely resists.
The bolt of lightning hits you!
* * * LOW HITPOINT WARNING * * *
The bolt of lightning hits you!!
You die...

#.#.### ..#...#
.#####)## .. #..# ##e
##.## #.e #))# #.##
##[# #..#######))#
#@##E..##.##
#.()e..)))#
####e#.####
##.eTee..##
#..eee....########
#...o_o...##.....#
#........e..#.....#
.....e8#8..........#
#......###......#)###


You could see an orc high priest, a deep elf demonologist, a deep elf archer
(repels missiles), 2 deep elf knights, 2 deep elf pyromancers, 2 deep elf
zephyrmancers, a troll, an orc warrior and a +4 vorpal war axe.

Vanquished Creatures
  A tentacled monstrosity (Swamp:4)
  Kirke (Lair:4)
  An azure jelly (Swamp:4)
  A fenstrider witch (Swamp:4)
  An orc warlord (Orc:2)
  A deep elf sorcerer (Elf:1)
  3 ghouls (Swamp:1)
  4 bunyips
  Nessos (D:12)
  A white draconian (IceCv)
  4 eleionomae
  An ettin (Orc:1)
  A fire dragon (D:15)
  A shambling mangrove (Swamp:1)
  3 ice dragons
  3 boulder beetles
  A spriggan air mage (Swamp:3)
  Erolcha (Orc:1)
  2 ghost crabs
  A catoblepas (Lair:5)
  3 centaur warriors
  6 two-headed ogres
  16 hydras
  3 ogre magi (Orc:2)
  4 dancing weapons (Elf:1)
  2 tengu warriors
  13 alligators
  Urug (Orc:1)
  A spriggan berserker (Swamp:4)
  2 deep elf knights (Elf:1)
  Sonja (D:12)
  Nergalle (Lair:4)
  6 skeletal warriors
  7 goliath frogs
  5 spriggan druids
  A death drake (Swamp:4)
  11 bog bodies
  4 swamp dragons
  2 deep elf archers (Elf:1)
  10 deep elf pyromancers
  4 orc knights
  10 orc sorcerers
  10 deep elf zephyrmancers (Elf:1)
  3 will-o-the-wisps
  7 cyclopes
  5 slime creatures (D:15)
  A wolf spider (D:15)
  14 ugly things
  13 elephants
  3 manticores (D:15)
  3 ice statues
  6 centaur zombies
  8 spectral spriggans (Swamp:1)
  6 black mambas
  27 cane toads
  A cane toad (shapeshifter) (D:13)
  3 gargoyles
  Psyche (D:9)
  5 rime drakes
  9 komodo dragons
  A yaktaur (shapeshifter) (D:13)
  3 centaur skeletons (D:13)
  An unseen horror (D:10)
  2 tengu conjurers
  5 freezing wraiths
  4 ice devils (D:9)
  4 yaktaurs (D:13)
  6 trolls
  12 tyrant leeches
  5 polar bears
  A bloated husk (Swamp:1)
  14 blink frogs
  Prince Ribbit (D:8)
  13 hornets
  A harpy skeleton (D:13)
  An air elemental (Elf:1)
  2 vampires
  A shadow (D:12)
  A water elemental (Elf:1)
  20 spriggans
  3 hogs (Lair:4)
  4 wraiths
  7 basilisks
  4 wyverns
  45 yaks
  5 swamp worm simulacra (Swamp:4)
  A fire elemental (Elf:1)
  21 vampire mosquitoes
  3 steam dragons
  A warg (Orc:1)
  12 swamp worms
  3 acid dragons
  13 hydra simulacra (Swamp:4)
  3 swamp drakes (Swamp:2)
  20 water moccasins
  A black bear (shapeshifter) (D:13)
  An ice beast (D:6)
  14 orc warriors
  2 black bears
  A necrophage (D:5)
  A sky beast (D:6)
  9 ogres
  4 wolves (Lair:4)
  4 boggarts
  6 centaurs
  A phantom (D:5)
  3 kobold brigands
  20 bullfrogs
  2 gnoll sergeants
  5 scorpions
  A water moccasin skeleton (D:6)
  A wyvern skeleton (D:6)
  6 killer bees (D:10)
  11 wights
  7 howler monkeys
  2 electric eels
  A crimson imp (D:4)
  7 komodo dragon simulacra (IceCv)
  2 lava snakes
  2 hounds
  A jelly (Lair:5)
  7 orc priests
  5 iguanas
  30 orc wizards
  2 killer bee zombies
  3 howler monkey zombies
  6 gnolls
  5 adders
  7 acid dragon simulacra (IceCv)
  2 white imps
  3 swamp drake simulacra (Swamp:4)
  8 ufetubi (D:9)
  7 steam dragon simulacra (IceCv)
  3 worms (D:4)
  2 dart slugs
  54 orcs
  6 ball pythons
  4 bats (D:1)
  12 endoplasms
  A giant cockroach (D:3)
  3 goblins
  5 hobgoblins
  6 quokkas
  4 frilled lizards (D:1)
  21 kobolds
  5 rats
840 creatures vanquished.

Vanquished Creatures (others)
  3 bloated husks
  A hornet (Swamp:4)
  A spriggan (Swamp:4)
  12 foxfires
  35 fungi
  101 plants
153 creatures vanquished.

Grand Total: 993 creatures vanquished

Notes
Turn   | Place    | Note
-------+----------+-------------------------------------------
     0 | D:1      | Antediluvian the Vine Stalker Monk began the quest for the
                  | Orb.
     0 | D:1      | Reached XP level 1. HP: 11/11 MP: 2/2
   286 | D:1      | Reached XP level 2. HP: 15/16 MP: 1/3
   735 | D:1      | Reached skill level 1 in Armour
   766 | D:1      | Reached XP level 3. HP: 20/20 MP: 4/4
  2163 | D:2      | Gained mutation: Your natural rate of healing is unusually
                  | fast. [Vine Stalker growth]
  2163 | D:2      | Reached XP level 4. HP: 21/24 MP: 5/5
  2329 | D:3      | Found a broken altar of Ashenzari.
  2776 | D:3      | Found a snail-covered altar of Cheibriados.
  3007 | D:4      | Found a basalt altar of Yredelemnul.
  3088 | D:4      | Found a bloodstained altar of Trog.
  3175 | D:4      | Reached skill level 4 in Unarmed Combat
  3190 | D:4      | Reached XP level 5. HP: 28/28 MP: 6/6
  3234 | D:4      | Found an iron altar of Okawaru.
  3353 | D:4      | Noticed an ogre
  3378 | D:4      | Killed an ogre
  3379 | D:4      | Reached XP level 6. HP: 31/33 MP: 7/7
  3637 | D:4      | Found a staircase to the Ecumenical Temple.
  3643 | Temple   | Entered the Ecumenical Temple
  3702 | Temple   | Became a worshipper of the Wu Jian Council
  3702 | Temple   | Reached * piety under Wu Jian
  3702 | Temple   | Reached ** piety under Wu Jian
  3893 | D:4      | Found a burning altar of Makhleb.
  3893 | D:4      | Found a shimmering altar of Xom.
  3899 | D:4      | Reached skill level 5 in Unarmed Combat
  4008 | D:5      | Entered Level 5 of the Dungeon
  4054 | D:5      | Found Qoj Fain's Magic Scroll Shop.
  4175 | D:5      | Reached XP level 7. HP: 30/38 MP: 8/8
  4226 | D:5      | Found Ocubliym's Magic Scroll Shoppe.
  4432 | D:5      | Reached skill level 5 in Fighting
  4664 | D:5      | Found a stormy altar of Qazlal.
  5290 | D:6      | Gained mutation: You have razor-sharp teeth. [Vine Stalker
                  | growth]
  5290 | D:6      | Reached XP level 8. HP: 38/43 MP: 6/9
  5486 | D:6      | Reached skill level 6 in Unarmed Combat
  6284 | D:7      | Noticed a hornet
  6286 | D:7      | Killed a hornet
  6354 | D:7      | Reached skill level 5 in Armour
  6511 | D:7      | Reached skill level 7 in Unarmed Combat
  6514 | D:7      | Reached XP level 9. HP: 49/49 MP: 10/10
  6565 | D:7      | Identified the +5 ring mail "Xaxaloen" {rN+ Str+4 Stlth-}
  6761 | D:7      | Found a shadowy altar of Dithmenos.
  7082 | D:8      | Reached skill level 8 in Unarmed Combat
  7156 | D:8      | Reached *** piety under Wu Jian
  7273 | D:8      | Noticed Prince Ribbit
  7355 | D:8      | Killed Prince Ribbit
  7456 | D:8      | Reached XP level 10. HP: 53/56 MP: 11/11
  7709 | D:9      | Reached skill level 9 in Unarmed Combat
  7757 | D:9      | Noticed Psyche
  7811 | D:9      | Killed Psyche
  7839 | D:9      | Noticed an ice statue
  8498 | D:9      | Reached **** piety under Wu Jian
  8584 | D:9      | Killed an ice statue
  8629 | D:10     | Entered Level 10 of the Dungeon
  8637 | D:10     | Got the Reference Book on Entrancing Fire
  8649 | D:10     | Found a staircase to the Orcish Mines.
  8709 | D:10     | Found a runed translucent gate.
  8709 | D:10     | Found a runed translucent gate.
  8710 | D:10     | Found a runed translucent gate.
  8710 | D:10     | Noticed GordonOverkill's ghost (novice FeNe)
  8712 | D:10     | Found a viscous altar of Jiyva.
  8791 | D:10     | Reached skill level 10 in Unarmed Combat
  8791 | D:10     | Reached XP level 11. HP: 62/62 MP: 12/12
  8847 | D:10     | Noticed a two-headed ogre
  8871 | D:10     | Killed a two-headed ogre
  8936 | D:10     | Noticed a two-headed ogre
  8941 | D:10     | Killed a two-headed ogre
  9195 | D:10     | Found a portal to a secret trove of treasure.
  9359 | D:10     | Noticed a two-headed ogre
  9377 | D:10     | Killed a two-headed ogre
  9378 | D:10     | Reached skill level 10 in Fighting
  9438 | D:10     | Reached skill level 11 in Unarmed Combat
  9458 | D:10     | Noticed a two-headed ogre
  9473 | D:10     | Killed a two-headed ogre
  9890 | D:11     | Reached XP level 12. HP: 67/68 MP: 13/13
  9916 | D:11     | Reached ***** piety under Wu Jian
 10046 | D:11     | Noticed a five-headed hydra
 10053 | D:11     | Killed a five-headed hydra
 10109 | D:11     | Noticed a six-headed hydra
 10117 | D:11     | Killed a six-headed hydra
 10298 | D:11     | Found a staircase to the Lair.
 10483 | Lair:1   | Entered Level 1 of the Lair of Beasts
 10705 | Lair:1   | Reached skill level 12 in Unarmed Combat
 11355 | Lair:2   | Reached skill level 10 in Armour
 11397 | Lair:2   | Noticed a boulder beetle
 11423 | Lair:2   | Killed a boulder beetle
 11690 | Lair:2   | Reached XP level 13. HP: 37/74 MP: 10/14
 11923 | Lair:3   | Reached skill level 13 in Unarmed Combat
 12612 | Lair:4   | Noticed Nergalle
 12620 | Lair:4   | Killed Nergalle
 12949 | Lair:4   | Found a staircase to the Snake Pit.
 13035 | Lair:4   | Noticed Kirke
 13048 | Lair:4   | Killed Kirke
 13411 | Lair:4   | Found a staircase to the Swamp.
 13901 | Lair:5   | Reached skill level 14 in Unarmed Combat
 14014 | Lair:5   | Reached XP level 14. HP: 82/82 MP: 13/15
 14029 | Lair:5   | Reached ****** piety under Wu Jian
 14032 | Lair:5   | Found a staircase to the Slime Pits.
 14606 | Lair:6   | Entered Level 6 of the Lair of Beasts
 14672 | Lair:6   | Found a frozen archway.
 14685 | IceCv    | Entered an ice cave
 15050 | IceCv    | Noticed a white draconian
 15066 | IceCv    | Killed a white draconian
 15501 | Lair:6   | Reached skill level 15 in Unarmed Combat
 16714 | Orc:1    | Entered Level 1 of the Orcish Mines
 16714 | Orc:1    | Noticed Urug
 16723 | Orc:1    | Found Ecubban's Antique Armour Boutique.
 16746 | Orc:1    | Reached XP level 15. HP: 42/88 MP: 10/16
 16762 | Orc:1    | Killed Urug
 16855 | Orc:1    | Found Sanexkav's Distillery.
 16906 | Orc:1    | Noticed Erolcha
 16912 | Orc:1    | Killed Erolcha
 16947 | Orc:1    | Found Jicec's Magic Scroll Boutique.
 16952 | Orc:1    | Found Gofruist's Assorted Antiques.
 16956 | Orc:1    | Bought a scroll of fog for 24 gold pieces
 17169 | Orc:2    | Entered Level 2 of the Orcish Mines
 17459 | Orc:2    | Found Poschi's Book Shop.
 17500 | Orc:2    | Found a radiant altar of Vehumet.
 17521 | Orc:2    | Found Jihantid's Antique Armour Boutique.
 17578 | Orc:2    | Found an ancient bone altar of Kikubaaqudgha.
 17605 | Orc:2    | Found Pumiozxe's Magic Scroll Shop.
 17650 | Orc:2    | Found Asewuik's Book Shop.
 17717 | Orc:2    | Found a staircase to the Elven Halls.
 17826 | Orc:2    | Noticed an orc warlord
 17918 | Orc:2    | HP: 4/88 [poisoned by an orc warlord]
 17976 | Orc:2    | HP: 4/88 [poisoned by an orc warlord]
 18053 | Orc:2    | Killed an orc warlord
 18436 | Orc:2    | Bought a scroll of acquirement for 624 gold pieces
 18436 | Orc:2    | Acquired a manual of Armour
 18470 | Orc:2    | Bought a manual of Unarmed Combat for 1200 gold pieces
 18689 | D:12     | Reached skill level 16 in Unarmed Combat
 18691 | D:12     | Reached skill level 1 in Spellcasting
 18911 | D:12     | Found Fayll's Distillery.
 18917 | D:12     | Noticed Sonja
 18925 | D:12     | Killed Sonja
 19074 | D:12     | Found an iron altar of Okawaru.
 19128 | D:12     | Noticed Nessos
 19148 | D:12     | Killed Nessos
 19989 | D:13     | Found a gate to the Vaults.
 20085 | D:14     | Reached skill level 15 in Fighting
 20235 | D:14     | Found a sparkling altar of Nemelex Xobeh.
 20393 | D:14     | Reached XP level 16. HP: 86/95 MP: 19/22
 20813 | D:15     | Entered Level 15 of the Dungeon
 20859 | D:15     | Reached skill level 17 in Unarmed Combat
 21050 | D:15     | Found a staircase to the Depths.
 21894 | Swamp:1  | Entered Level 1 of the Swamp
 21948 | Swamp:1  | Reached skill level 5 in Spellcasting
 21971 | Swamp:1  | Reached skill level 5 in Dodging
 22509 | Swamp:1  | Identified the +4 tower shield "Jeomaox" {rElec rCorr Int-3
                  | Dex+4 Slay+3}
 22645 | Swamp:1  | Reached skill level 15 in Armour
 22646 | Swamp:1  | Noticed Roxanne
 22892 | Swamp:2  | Reached skill level 18 in Unarmed Combat
 22899 | Swamp:2  | Reached XP level 17. HP: 41/100 MP: 27/27
 23450 | Orc:1    | Bought a scroll of fog for 58 gold pieces
 23450 | Orc:1    | Bought a scroll of fog for 58 gold pieces
 23553 | D:10     | You paid a toll of 6 scrolls of fog to enter a treasure
                  | trove
 23554 | Trove    | Entered a treasure trove
 23559 | Trove    | Found the +8 whip "Snakebite" {venom, curare, rPois}
 23561 | Trove    | Identified the amulet "Heyfiwe" {Faith Str-4 Int+7 Dex+8}
 23568 | Trove    | Identified the +0 helmet of Absence {rC- Regen+ rCorr
                  | Str+2}
 23584 | Trove    | Identified the ring "Daubet" {rF+ Will+ MP+9 Int+4}
 23590 | Trove    | Identified the +0 pair of boots "Vagaic" {rN+}
 24057 | Swamp:3  | Identified the ring "Pemusmoe" {rN+ Int+6 SInv}
 24787 | Swamp:4  | Entered Level 4 of the Swamp
 24787 | Swamp:4  | Noticed a tentacled monstrosity
 24792 | Swamp:4  | Killed a tentacled monstrosity
 25887 | Swamp:4  | Got a decaying rune of Zot
 26214 | Elf:1    | Entered Level 1 of the Elven Halls
 26250 | Elf:1    | Found a radiant altar of Vehumet.
 26282 | Elf:1    | Reached skill level 19 in Unarmed Combat
 26323 | Elf:1    | HP: 4/99 [deep elf archer/arrow (1)]
 26324 | Elf:1    | HP: 1/99 [deep elf zephyrmancer/bolt of lightning (5)]
 26336 | Elf:1    | HP: 3/100 [deep elf zephyrmancer/bolt of lightning (9)]
 26488 | Elf:1    | Paralysed by an air elemental for 1 turns
 26490 | Elf:1    | Paralysed by an air elemental for 1 turns
 26494 | Elf:1    | Paralysed by an air elemental for 1 turns
 26620 | Elf:1    | Killed from afar by a deep elf zephyrmancer

Illustrated notes

Levels and vault maps discovered:
D:1:      dpeg_arrival_erosion, layout_basic
D:2:      layout_basic
D:3:      layout_basic, nicolae_overflow_hidden_temple
D:4:      layout_rooms, mainiacjoe_overflow_alcove_1, yredelemnul_altar_generic,
          grunt_temple_overflow_champion_of_chaos, amcnicky_altar_gilded,
          minmay_temple_entry_enclosed_plants, st_stairs_11
D:5:      layout_basic, old_standard_altar, serial_shops,
          nicolae_lakefront_shop, nicolae_shop_window_shopping,
          serial_co_window_serial, co_window_of_opportunity_a,
          co_window_corner_a, co_window_corner_a, co_window_cross_1,
          co_window_of_opportunity_a, co_window_unsneaky_path_b,
          co_window_paths_c, co_window_of_opportunity_c,
          co_window_of_opportunity_b, glass_columns_b, glass_columns_a,
          glass_columns_b, glass_columns_a
D:6:      layout_layer_cave
D:7:      layout_rooms, marbit_many_paths, nicolae_lava_and_water
D:8:      layout_rooms, uniq_prince_ribbit1
D:9:      cheibrodos_frozen_isle, layout_cave_pools, uniq_psyche
D:10:     minmay_bubble_buster, layout_loops_ring, orc_0_dummy,
          trove_entry_hex_spiral, gammafunk_ghost_ooze
D:11:     layout_irregular_city, minmay_lair_entry_grove, solitary_fountain,
          kennysheep_small_circle
D:12:     layout_irregular_city, serial_shops, shop_statue,
          kennysheep_okawaru_gauntlet, uniq_sonja, uniq_nessos
D:13:     layout_rooms, hangedman_vaults_entry_quadrant_bands
D:14:     layout_basic, nemelex_lonely_heart_becter
D:15:     grunt_enter_depths_hoard, layout_loops_ring,
          chequers_serial_rivers_marsh
Temple:   minmay_temple_bridge_abc
Lair:1:   layout_loops_ring, serial_bayou_shore_b
Lair:2:   layout_hall_layers
Lair:3:   layout_layer_cave, small_statue_intersection, minivault_27,
          serial_bayou_shore_b, infiniplex_staircase_pool_2
Lair:4:   kb_forest_paths, layout_gridlike, minmay_swamp_entry_worms,
          uniq_nergalle, uniq_kirke
Lair:5:   layout_roguey, nicolae_slime_entry_slimehenge
Lair:6:   minmay_lair_end_frog_pond, layout_layer_cave,
          portal_ice_cave_entry_pillars_2, st_stairs_13,
          chequers_serial_rivers_large_a, infiniplex_staircase_pool,
          lemuel_fruit_tree
Swamp:1:  nicolae_swamp_flooded_prison, layout_basic_swamp,
          evilmike_swamp_ruin_house_4, swamp_pool5, uniq_roxanne
Swamp:2:  layout_falls_marsh, evilmike_swamp_ruin_rubble_2, swamp_pool3
Swamp:3:  layout_basic_swamp, evilmike_swamp_ruin_house_6
Swamp:4:  swamp_icy, layout_basic_swamp
Orc:1:    layout_caves, serial_shops, shop_fountains, shop_statue, shop_scrolls,
          nicolae_square_shop, uniq_erolcha, uniq_urug
Orc:2:    kennysheep_orc_mage_school, layout_diamond_mine
Elf:1:    eino_elf_arrival_altar, layout_rooms, serial_shops,
          nicolae_shop_crystal, orc_legates

Skill      XL: |  1  2  3  4  5  6  7  8  9 10 11 12 13 14 15 16 17 |
---------------+----------------------------------------------------+-----
Fighting       | 3 4 5 6 7 9 10 11 13 14 15 16 | 16.3
Armour         | 1 2 3 5 6 7 9 10 11 12 13 15 16 | 16.1
Unarmed Combat | 4 5 7 8 10 11 12 14 15 16 18 19 | 19.2
Spellcasting   | 3 6 8 |  8.2
Dodging        | 4 5 7 |  7.3
Stealth        | |  2.4

Action                   |  1- 3 |  4- 6 |  7- 9 | 10-12 | 13-15 | 16-18 || total
-------------------------+-------+-------+-------+-------+-------+-------++-------
Melee: Unarmed           |    97 |   168 |   288 |   661 |  1315 |   852 ||  3381
       Bite              |    24 |    60 |   113 |   263 |   516 |   450 ||  1426
       Punch             |     1 |     3 |    11 |    48 |   145 |   106 ||   314
Invok: Lunge             |       |     1 |    28 |    49 |   119 |    55 ||   252
       Whirlwind         |       |       |    22 |   139 |   312 |    49 ||   522
       Heavenly Storm    |       |       |       |       |     1 |       ||     1
       Serpent's Lash    |       |       |       |       |       |     1 ||     1
Evoke: Wand              |       |     4 |     2 |     2 |     1 |       ||     9
  Use: Scroll            |       |       |       |     5 |    11 |       ||    16
       Potion            |       |       |       |     1 |     1 |       ||     2
 Stab: Sleeping          |     5 |     2 |     1 |       |       |       ||     8
       Confused          |       |       |       |       |       |     1 ||     1
Armor: Robe              |     7 |       |       |       |       |       ||     7
       Leather armour    |     6 |       |       |       |       |       ||     6
       Ring mail         |       |    25 |    30 |   200 |   427 |   298 ||   980
       Chain mail        |       |       |    58 |       |       |       ||    58
Dodge: Dodged            |    55 |    96 |   162 |   378 |   630 |   458 ||  1779

Table legend: (Time is in decaauts)
 A = Elapsed time spent in this place.
 B = Non-inter-level travel time spent in this place.
 C = Inter-level travel time spent in this place.
 D = Time resting spent in this place.
 E = Time spent auto-exploring this place.
 F = Levels seen in this place.
 G = Mean time per level.
                   A        B        C        D        E       F      G
               +--------+--------+--------+--------+--------+-----+--------+
         Total |  26390 |  24241 |   2149 |      0 |  17825 |  31 |  851.3 |
       Dungeon |  13687 |  12690 |    997 |      0 |   9821 |  15 |  912.5 |
        Temple |    213 |    175 |     38 |      0 |    147 |   1 |  213.0 |
          Lair |   6065 |   5420 |    645 |      0 |   4159 |   6 | 1010.8 |
         Swamp |   3615 |   3376 |    239 |      0 |   2245 |   4 |  903.8 |
  Orcish Mines |   1969 |   1741 |    228 |      0 |   1110 |   2 |  984.5 |
   Elven Halls |    296 |    296 |      0 |      0 |     83 |   1 |  296.0 |
         Trove |     69 |     69 |      0 |      0 |      0 |   1 |   69.0 |
      Ice Cave |    472 |    472 |      0 |      0 |    259 |   1 |  472.0 |
               +--------+--------+--------+--------+--------+-----+--------+

Top non-repeatable levels by time:
  Lair:6: 1509 daAuts
  Lair:4: 1496 daAuts
   Orc:2: 1373 daAuts
    D:10: 1360 daAuts
     D:6: 1356 daAuts
     D:1: 1252 daAuts
 Swamp:4: 1155 daAuts
 Swamp:1: 1081 daAuts
     D:2: 1051 daAuts
     D:9: 996 daAuts
  Lair:1: 976 daAuts
     D:5: 906 daAuts
    D:12: 882 daAuts
    D:11: 866 daAuts
    D:15: 838 daAuts
